 Dungeon Crawl Stone Soup version 0.31-a0-691-g409c26aa35 (webtiles) character file.

Game seed: 10351362013630232060

112 qw the Shooter (level 4, -3/28 HPs)
             Began as a Gargoyle Hunter on Sept 6, 2023.
             Slain by a gnoll sergeant
             ... wielding a +0 spear
              (9 damage)
             ... on level 3 of the Dungeon.
             The game lasted 00:00:29 (1589 turns).

qw the Shooter (Gargoyle Hunter)                    Turns: 1589, Time: 00:00:30

Health: -3/28      AC:  8    Str: 14    XL:     4   Next: 93%
Magic:  4/4        EV: 16    Int: 10    God:
Gold:   66         SH:  5    Dex: 15    Spells: 3/3 levels left

rFire   . . .        Y - +0 shortbow
rCold   . . .        (shield currently unavailable)
rNeg    + . .        j - +0 ring mail
rPois   inf          (no helmet)
rElec   +            (no cloak)
rCorr   .            (no gloves)
SInv    .            (no boots)
Will    .....        g - amulet of reflection
Stlth   +            f - +5 ring of evasion
HPRegen 0.24/turn    (no ring)
MPRegen 0.09/turn

%: reflection
@: no status effects
A: sickness immunity, AC +3, negative energy resistance 1, electricity
resistance, torment resistance 1, petrification resistance
a: no special abilities


You were on level 3 of the Dungeon.
You visited 1 branch of the dungeon, and saw 3 of its levels.

You collected 66 gold pieces.


Innate Abilities, Weirdness & Mutations

You are immune to sickness and miasma.
Your stone body is resilient. (AC +3)
You are immune to poison.
You resist negative energy. (rN+)
You are resistant to electric shocks. (rElec)
You are resistant to unholy torment.
You are immune to petrification.


   Skills:
 - Level 3.1 Fighting
 + Level 5.5 Ranged Weapons
 - Level 1.3 Armour
 - Level 1.5 Dodging
 - Level 1.1 Stealth


You had 3 spell levels left.
You didn't know any spells.
Your spell library was empty.

Inventory:

Hand Weapons
 Y - a +0 shortbow (weapon)
Armour
 j - a +0 ring mail (worn)
Jewellery
 f - a +5 ring of evasion (left hand)
 g - an amulet of reflection (around neck)
Wands
 m - a wand of digging (3)
Scrolls
 a - a scroll of identify
Potions
 d - a potion of berserk rage {unknown}
 e - a potion of haste {unknown}
 h - a potion of resistance {unknown}
 i - a potion of mutation {unknown}
 k - a potion of might

Dungeon Overview and Level Annotations

Branches:
Dungeon (3/15)

Altars:


Message History

You shoot an arrow. The arrow barely misses the gnoll.
The arrow barely misses the hobgoblin.
You block the gnoll's attack. The gnoll barely misses you.
You shoot an arrow. The arrow barely misses the gnoll.
The arrow hits the hobgoblin.
The hobgoblin is heavily wounded.
The gnoll barely misses you. The gnoll sergeant barely misses you.
You shoot an arrow. The arrow hits the gnoll.
The gnoll is almost dead.
The gnoll hits you with a +1 whip of electrocution.
The gnoll sergeant hits you but does no damage.
You shoot an arrow. The arrow closely misses the gnoll.
The arrow hits the hobgoblin but does no damage.
The hobgoblin is heavily wounded.
The gnoll barely misses you. The gnoll sergeant closely misses you.
You shoot an arrow.
The arrow hits the gnoll but does no damage.
The gnoll is almost dead.
The gnoll closely misses you. The gnoll sergeant closely misses you.
You shoot an arrow. The arrow hits the gnoll.
You kill the gnoll!
The gnoll sergeant hits you from afar with a +0 spear!
The gnoll sergeant hits you but does no damage.
The hobgoblin completely misses you.
You shoot an arrow. The arrow hits the hobgoblin.
The hobgoblin is severely wounded.
The hobgoblin closely misses you. You block the gnoll sergeant's attack.
You shoot an arrow.
The arrow hits the hobgoblin but does no damage.
The hobgoblin is severely wounded.
You block the hobgoblin's attack.
The gnoll sergeant hits you from afar with a +0 spear!
You shoot an arrow. The arrow barely misses the hobgoblin.
You feel a little less mighty now. The hobgoblin completely misses you.
The gnoll sergeant hits you but does no damage.
You shoot an arrow. The arrow hits the hobgoblin!
You kill the hobgoblin!
The gnoll sergeant hits you from afar with a +0 spear!
You die...

.. .. g#
#. ..#.
g#. ..
..#####.#
.......#
#.g....#
#)# #@#
#.#######
#...<...#
#..####.#
####


You could see a gnoll sergeant.

Vanquished Creatures
  7 gnolls
  An adder (D:2)
  A worm (D:2)
  A dart slug (D:1)
  2 ball pythons
  2 bats
  3 endoplasms
  2 giant cockroaches (D:1)
  2 goblins (D:1)
  4 hobgoblins
  A kobold (D:1)
  4 quokkas
  2 rats
32 creatures vanquished.

Notes
Turn   | Place    | Note
-------+----------+-------------------------------------------
     0 | D:1      | qw the Gargoyle Hunter began the quest for the Orb.
     0 | D:1      | Reached XP level 1. HP: 12/12 MP: 1/1
     0 | D:1      | 0 ||| qw: Version: 0.3-a-76-g4403597
     0 | D:1      | 0 ||| qw: Game counter: 27
     0 | D:1      | 0 ||| qw: Melee chars always use a shield: true
     0 | D:1      | 0 ||| qw: God list: Okawaru
     0 | D:1      | 0 ||| qw: Allow faded altars: false
     0 | D:1      | 0 ||| qw: Do Orc after clearing Dungeon:15 true
     0 | D:1      | 0 ||| qw: Do second Lair branch before Depths: true
     0 | D:1      | 0 ||| qw: Lair rune preference: random
     0 | D:1      | 0 ||| qw: Goals: Normal
     0 | D:1      | 0 ||| PLANNING D:1-11
   260 | D:1      | Found a faded altar of an unknown god.
   306 | D:1      | Reached XP level 2. HP: 17/17 MP: 2/2
   841 | D:1      | 841 ||| UPGRADING to +0 ring mail.
   851 | D:1      | 851 ||| DROPPING +0 leather armour.
   852 | D:1      | 852 ||| UPGRADING to amulet of reflection.
   857 | D:1      | 857 ||| UPGRADING to +5 ring of evasion.
   858 | D:1      | 858 ||| READING scroll labelled HUHIES XYVVEUG.
   859 | D:1      | 859 ||| READING scroll labelled NIZECE QIATIA.
   860 | D:1      | 860 ||| READING scroll labelled NEQEESMAFO.
   861 | D:1      | 861 ||| DROPPING scroll of butterflies.
   939 | D:2      | Reached skill level 1 in Armour
   939 | D:2      | Reached XP level 3. HP: 18/21 MP: 3/3
  1306 | D:2      | Reached skill level 5 in Ranged Weapons
  1386 | D:2      | 1386 ||| Stepping ~*~*~tactically~*~*~ (retreating).
  1387 | D:2      | 1387 ||| Stepping ~*~*~tactically~*~*~ (retreating).
  1396 | D:2      | Reached XP level 4. HP: 27/27 MP: 4/4
  1399 | D:2      | Reached skill level 3 in Fighting
  1532 | D:2      | 1532 ||| READING scroll labelled ROCOULU PICIOSS.
  1535 | D:2      | 1535 ||| READING 2 scrolls labelled MUFUFAU COERPH.
  1536 | D:2      | 1536 ||| READING scroll labelled QUMUAD SUABLO.
  1537 | D:2      | 1537 ||| DRINKING 2 lumpy cyan potions.
  1538 | D:2      | 1538 ||| DROPPING scroll of noise.
  1564 | D:3      | 1564 ||| PLANNING SEWER
  1571 | D:3      | 1571 ||| RETREATING.
  1575 | D:3      | Noticed a gnoll sergeant
  1576 | D:3      | 1576 ||| Stepping ~*~*~tactically~*~*~ (retreating).
  1587 | D:3      | HP: 6/28 [gnoll sergeant/+0 spear (10)]
  1589 | D:3      | Slain by a gnoll sergeant

Levels and vault maps discovered:
D:1:      tarquinn_simple_flora_water_e, layout_loops_corners, serial_forest,
          infiniplex_forest_straight_4, infiniplex_forest_clump_diagonal,
          infiniplex_forest_lined_room_, infiniplex_forest_clump_small,
          infiniplex_forest_straight_4, infiniplex_forest_clump_curved,
          infiniplex_forest_end_3, infiniplex_forest_zigzag_1,
          infiniplex_forest_end_3, ebering_ecumenical_altar_hall,
          corner_web_ring
D:2:      layout_loops_ring, kennysheep_nub
D:3:      layout_loops_cross, portal_sewer_entry_d

Skill      XL: |  1  2  3  4 |
---------------+-------------+-----
Armour         | 1 |  1.3
Ranged Weapons | 5 |  5.5
Fighting       | 3 |  3.1
Dodging        | |  1.5
Stealth        | |  1.1

Action                     |  1- 3 |  4- 6 || total
---------------------------+-------+-------++-------
   Fire: Shortbow          |    83 |    21 ||   104
    Use: Scroll            |     3 |     3 ||     6
         Potion            |       |     1 ||     1
 Armour: Leather armour    |    11 |       ||    11
         Ring mail         |     6 |    10 ||    16
  Dodge: Dodged            |    26 |    16 ||    42
  Block: Other             |     4 |     3 ||     7

Table legend:
 A = Non-vault XP
 B = Vault XP
 C = Vault XP percentage of total XP
 D = Non-vault monster count
 E = Vault monster count
 F = Vault count percentage of total count
                 A         B        C        D         E       F
            +---------+---------+-------+---------+---------+-------
      Total |     162 |       0 |   0.0 |      32 |       0 |   0.0
            +---------+---------+-------+---------+---------+-------
        D:1 |      29 |       0 |   0.0 |      14 |       0 |   0.0
        D:2 |      88 |       0 |   0.0 |      14 |       0 |   0.0
        D:3 |      45 |       0 |   0.0 |       4 |       0 |   0.0
            +---------+---------+-------+---------+---------+-------
